 Dungeon Crawl Stone Soup version 0.29.0-4-gdea44cf6ec (webtiles) character file.

Game seed: 7168649989522194967

80 qw the Chopper (level 4, -2/26 HPs)
             Began as a Tengu Warper on Aug 28, 2022.
             Slain by Duvessa
             ... wielding a +0 short sword
              (4 damage)
             ... on level 4 of the Dungeon.
             The game lasted 00:00:10 (1595 turns).

qw the Chopper (Tengu Warper)                       Turns: 1595, Time: 00:00:11

Health: -2/26      AC: 10    Str: 19    XL:     4   Next: 39%
Magic:  8/8        EV:  6    Int: 13    God:
Gold:   75         SH:  0    Dex: 14    Spells: 7/7 levels left

rFire   . . .      SeeInvis .   Y - +1 hand axe
rCold   . . .      Faith    .   (no shield)
rNeg    . . .      Spirit   .   n - +0 plate armour
rPois   .          Reflect  .   (helmet restricted)
rElec   .          Harm     .   (no cloak)
rCorr   .          Rampage  .   (no gloves)
Will    .....                   (boots unavailable)
Stlth   ..........              (no amulet)
HPRegen 0.08/turn               j - +6 ring of strength
MPRegen 0.11/turn               (no ring)

@: no status effects
A: beak, talons 3
a: no special abilities


You were on level 4 of the Dungeon.
You visited 1 branch of the dungeon, and saw 3 of its levels.

You collected 75 gold pieces.


Innate Abilities, Weirdness & Mutations

You have a beak for a mouth.
You have claws for feet.


   Skills:
 - Level 2.0 Fighting
 - Level 5.0 Axes
 - Level 1.0 Throwing
 + Level 1.1 Armour
 - Level 2.1 Dodging
 - Level 2.0 Spellcasting
 - Level 2.4 Translocations


You had 7 spell levels left.
You didn't know any spells.
Your spell library contained the following spells:

 Spells                   Type           Power      Damage    Failure   Level
 Blink                    Tloc           14%        N/A       99%         2
 Gell's Gravitas          Tloc           7%         N/A       100%        3
 Lesser Beckoning         Tloc           7%         N/A       100%        3
 Teleport Other           Tloc           7%         N/A       100%        3
 Manifold Assault         Tloc           7%         N/A       100%        5

Inventory:

Hand Weapons
 h - a +0 club
 Y - a +1 hand axe (weapon)
Armour
 a - a +0 pair of gloves
 n - a +0 plate armour (worn)
Jewellery
 j - a +6 ring of strength (left hand)
Scrolls
 b - a scroll of identify {unknown}
 f - 2 scrolls of torment {unknown}
 o - a scroll of fear {unknown}
Potions
 c - 2 potions of haste {unknown}
 d - a potion of flight {unknown}
 e - a potion of attraction {unknown}
 g - a potion of mutation {unknown}
 i - a potion of invisibility {unknown}
 k - a potion of brilliance {unknown}
 l - 2 potions of might {unknown}
 m - a potion of ambrosia {unknown}

Dungeon Overview and Level Annotations

Branches:
Dungeon (2/15)

Altars:

Annotations:
D:4 Dowan, Duvessa


Message History

Enter note: Dowan, Brother of Duvessa comes into view.
He is wielding a +0 dagger of holy wrath and carrying a wand of flame (4).
Dowan shouts!
You hear a shout!
Dowan zaps a wand.
The puff of flame misses you.
Duvessa, Sister of Dowan comes into view.
She is wielding a +0 short sword and carrying a wand of flame (15).
Enter note: Dowan points at Duvessa and mumbles some strange words.
Duvessa seems to speed up.
Duvessa zaps a wand.
The puff of flame hits you.
You closely miss Duvessa. You claw Duvessa.
Duvessa is lightly wounded.
Duvessa zaps a wand.
The puff of flame hits you but does no damage.
You hit Duvessa but do no damage. You claw Duvessa, but do no damage.
Duvessa is lightly wounded.
You closely miss Dowan. Duvessa hits you with a +0 short sword.
Duvessa hits you but does no damage.
Dowan zaps a wand.
The puff of flame misses you.
You barely miss Duvessa.
Duvessa is lightly wounded.
You closely miss Dowan. Duvessa closely misses you.
Dowan hits you but does no damage.
You closely miss Duvessa. Your kick misses Duvessa.
Duvessa is lightly wounded.
You hit Dowan. Duvessa hits you with a +0 short sword!
Duvessa zaps a wand.
The puff of flame hits you. Dowan hits you but does no damage.
You completely miss Duvessa.
Duvessa is lightly wounded.
You hit Dowan.
Duvessa zaps a wand.
The puff of flame hits you.
Dowan hits you with a +0 dagger of holy wrath.
You barely miss Dowan.
Dowan is moderately wounded.
You hit Duvessa.
Duvessa hits you with a +0 short sword. x2; Dowan hits you but does no damage.
You hit Dowan.
Dowan is heavily wounded.
You hit Duvessa but do no damage. Duvessa hits you with a +0 short sword.
You die...

#.. #####...#
#
#...#...#...#
.#
#.....#.###.#
##...###...##
#.###.#.....#
#.
#...#...#.. #
#...##### .
#...#...#...
##.#@e...#
..###e..##
.... ###.#
..#... .# .
####


You could see Duvessa (fast) and Dowan.

Vanquished Creatures
  3 adders (D:2)
  2 dart slugs
  3 ball pythons (D:1)
  3 bats (D:1)
  4 endoplasms
  4 giant cockroaches
  8 goblins
  6 hobgoblins
  3 quokkas
  A frilled lizard (D:2)
  2 kobolds
  4 rats (D:1)
43 creatures vanquished.

Notes
Turn   | Place    | Note
-------+----------+-------------------------------------------
     0 | D:1      | qw the Tengu Warper began the quest for the Orb.
     0 | D:1      | Reached XP level 1. HP: 12/12 MP: 4/4
     0 | D:1      | 0 ||| qw: Version: 0.1-a-89-g26bdef1
     0 | D:1      | 0 ||| qw: Game counter: 1898
     0 | D:1      | 0 ||| qw: Always use a shield: true
     0 | D:1      | 0 ||| qw: God list: Okawaru
     0 | D:1      | 0 ||| qw: Allow faded altars: false
     0 | D:1      | 0 ||| qw: Do Orc after D:15 true
     0 | D:1      | 0 ||| qw: Do second Lair branch before Depths: true
     0 | D:1      | 0 ||| qw: Lair rune preference: random
     0 | D:1      | 0 ||| qw: Plans: Normal
     0 | D:1      | 0 ||| PLANNING D:1-11
    60 | D:1      | Reached XP level 2. HP: 17/17 MP: 6/6
    74 | D:1      | Reached skill level 3 in Axes
   199 | D:1      | 199 ||| Stepping ~*~*~tactically~*~*~ (stealth).
   393 | D:1      | Reached XP level 3. HP: 21/21 MP: 7/7
   488 | D:1      | Found a faded altar of an unknown god.
   690 | D:1      | Reached skill level 4 in Axes
   754 | D:1      | 754 ||| UPGRADING to +0 plate armour.
   764 | D:1      | 764 ||| DROPPING +0 leather armour.
   765 | D:1      | 765 ||| UPGRADING to +6 ring of strength.
   766 | D:1      | 766 ||| READING scroll labelled JAUPPA VYXY.
   767 | D:1      | 767 ||| READING scroll labelled UTOINU NESIT.
   768 | D:1      | 768 ||| READING scroll labelled LORCHOTZAE.
   769 | D:1      | 769 ||| READING scroll labelled KABROM APHYSSAN.
   770 | D:1      | 770 ||| DROPPING scroll of blinking.
   972 | D:2      | 972 ||| Stepping ~*~*~tactically~*~*~ (hiding).
   974 | D:2      | 974 ||| Stepping ~*~*~tactically~*~*~ (hiding).
   975 | D:2      | 975 ||| Stepping ~*~*~tactically~*~*~ (hiding).
  1060 | D:2      | 1060 ||| Stepping ~*~*~tactically~*~*~ (stealth).
  1303 | D:2      | Reached XP level 4. HP: 26/26 MP: 8/8
  1549 | D:2      | Reached skill level 5 in Axes
  1554 | D:2      | You fall into a shaft and drop 2 floors!
  1587 | D:4      | Noticed Dowan
  1587 | D:4      | Noticed Duvessa
  1594 | D:4      | HP: 3/26 [Duvessa/+0 short sword (4)]
  1595 | D:4      | Slain by Duvessa

Levels and vault maps discovered:
D:1:      lightli_arrival_chessboard, layout_loops_ring,
          hellmonk_ecumenical_altar_inner_sanctum
D:2:      layout_basic, minmay_goblin_kobold_house
D:4:      nicolae_cairo_tiling, layout_basic, general_overflow_altar,
          serial_shops, nicolae_shop_statue_plus, minivault_1, uniq_menkaure,
          uniq_duvessa

Skill      XL: |  1  2  3  4 |
---------------+-------------+-----
Axes           | 3 4 5 |  5.0
Fighting       | |  2.0
Throwing       | |  1.0
Armour         | |  1.1
Dodging        | |  2.1
Spellcasting   | |  2.0
Translocations | |  2.4

Action                   |  1- 3 |  4- 6 || total
-------------------------+-------+-------++-------
Melee: Hand axe          |    75 |    14 ||    89
       Peck              |    13 |       ||    13
       Kick              |    17 |     3 ||    20
Throw: Boomerang         |     7 |       ||     7
  Use: Scroll            |     4 |       ||     4
Armor: Leather armour    |     6 |       ||     6
       Plate armour      |    17 |     8 ||    25
Dodge: Dodged            |    21 |     5 ||    26

Table legend:
 A = Non-vault XP
 B = Vault XP
 C = Vault XP percentage of total XP
 D = Non-vault monster count
 E = Vault monster count
 F = Vault count percentage of total count
                 A         B        C        D         E       F
            +---------+---------+-------+---------+---------+-------
      Total |     115 |       0 |   0.0 |      43 |       0 |   0.0
            +---------+---------+-------+---------+---------+-------
        D:1 |      45 |       0 |   0.0 |      25 |       0 |   0.0
        D:2 |      70 |       0 |   0.0 |      18 |       0 |   0.0
            +---------+---------+-------+---------+---------+-------
